Map: Hardwire LE

Players

Eleven - Winner!

  • Race: Zerg Zerg
  • League: Diamond

DayTeezy

  • Race: Terran Terran
  • League: Diamond

VOD

Have the link to the VOD?

Description

Time

  • Played on: Dec. 12, 2021, 12:21 p.m.
  • Length: 11:14
Show
View Real Time Build Order
Export as new Build Order

Eleven Zerg - Winner!

Build Orders: Hatch First, Lurkers 

Get SALT Encoding   

  12  0:01  Drone  
  13  0:12  Overlord  
  13  0:16  Drone  
  14  0:33  Drone x2  
  16  0:50  Hatchery  
  16  0:51  Drone  
  16  0:55  Drone  
  17  0:58  Drone  
  18  1:10  Extractor  
  17  1:16  Spawning Pool  
  17  1:17  Drone  
  17  1:25  Drone  
  18  1:31  Drone  
  19  1:44  Drone  
  20  1:55  Overlord  
  20  2:02  Queen  
  20  2:03  Queen  
  20  2:04  Zergling x4  
  26  2:22  Hatchery  
  26  2:25  Drone  
  26  2:26  Drone  
  26  2:28  Drone  
  28  2:30  Drone  
  28  2:34  Drone  
  30  2:38  Metabolic Boost  
  30  2:49  Queen  
  30  2:51  Drone  
  33  2:54  Overlord  
  33  3:02  Drone x3  
  36  3:08  Overlord  
  36  3:14  Drone  
  37  3:21  Drone  
  37  3:22  Drone x3  
  37  3:23  Drone  
  42  3:30  Drone  
  43  3:34  Queen  
  46  3:41  Drone x2  
  46  3:44  Baneling Nest  
  46  3:48  Zergling x2  
  46  3:49  Zergling x8  
  46  3:54  Queen  
  53  4:05  Zergling x8  
  53  4:06  Zergling x2  
  53  4:09  Overlord x2  
  58  4:13  Overlord  
  58  4:17  Spore Crawler  
  58  4:20  Lair  
  57  4:27  Queen  
  59  4:37  Drone x9  
  67  4:42  Drone x2  
  69  4:57  Queen  
  69  4:59  Drone x3  
  74  5:02  Overlord x3  
  74  5:20  Zergling x2  
  74  5:21  Zergling x16, Drone  
  82  5:23  Centrifugal Hooks  
  81  5:31  Zergling x4  
  80  5:36  Extractor  
  80  5:38  Zergling x8, Extractor  
  80  5:45  Hatchery  
  80  5:48  Drone x3  
  80  5:49  Drone  
  81  5:51  Extractor  
  81  5:53  Hatchery  
  81  5:54  Hatchery  
  78  5:58  Extractor x2  
  78  6:02  Evolution Chamber  
  78  6:04  Evolution Chamber, Drone x3  
  74  6:05  Drone x2  
  79  6:18  Drone x2  
  79  6:19  Drone  
  79  6:22  Hydralisk Den  
  79  6:24  Drone x2  
  79  6:25  Drone x2  
  84  6:26  Drone x2  
  84  6:28  Drone x3  
  84  6:29  Baneling x2  
  84  6:30  Baneling x3  
  90  6:45  Overlord x3  
  90  6:46  Overlord x2  
  90  6:51  Zerg Ground Armor Level 1  
  90  6:52  Zerg Melee Weapons Level 1  
  90  6:57  Roach Warren  
  89  7:09  Drone x13  
  89  7:10  Baneling x2  
  89  7:11  Baneling x3  
  102  7:17  Hydralisk x2  
  102  7:18  Infestation Pit  
  102  7:19  Lurker Den  
  102  7:20  Zergling x14  
  111  7:35  Queen  
  111  7:36  Drone x4  
  111  7:37  Drone x5  
  122  7:39  Extractor  
  122  7:40  Extractor  
  122  7:41  Spore Crawler  
  122  7:44  Hydralisk x3  
  119  7:45  Spore Crawler  
  119  7:50  Grooved Spines  
  124  7:54  Hive  
  124  7:57  Drone  
  124  7:58  Drone x3  
  128  8:15  Hatchery  
  128  8:16  Drone x4  
  131  8:21  Hatchery  
  131  8:22  Lurker x5  
  131  8:26  Drone x3  
  138  8:28  Drone x2  
  138  8:31  Zergling x4  
  138  8:32  Overlord x5  
  142  8:35  Overseer x2  
  142  8:50  Hydralisk x2  
  142  8:51  Hydralisk x5  
  142  8:53  Overlord x3  
  156  8:58  Zerg Ground Armor Level 2  
  156  9:07  Adaptive Talons  
  156  9:10  Zergling x14  
  163  9:23  Adrenal Glands  
  163  9:31  Spore Crawler, Lurker x3  
  163  9:34  Pneumatized Carapace  
  165  9:44  Muscular Augments  
  165  9:45  Overseer x2  
  165  9:57  Lurker x2  
  165  9:58  Lurker  
  165  9:59  Zergling x62  
  200  10:00  Zergling x2  
  200  10:04  Seismic Spines  
  168  10:52  Zergling x2  
  168  10:53  Zergling x44  
Show
View Real Time Build Order
Export as new Build Order

DayTeezy Terran 

Build Orders: Liberator Opening, Reaper Expand 

Get SALT Encoding   

  12  0:00  SCV  
  13  0:12  SCV  
  14  0:17  Supply Depot  
  14  0:24  SCV  
  15  0:38  SCV  
  15  0:40  Barracks  
  15  0:42  Refinery  
  16  0:50  SCV  
  17  1:02  SCV  
  18  1:15  SCV  
  19  1:26  Reaper  
  19  1:27  Orbital Command  
  20  1:40  Command Center  
  20  1:48  Supply Depot  
  20  1:52  SCV  
  21  1:58  Marine  
  22  2:05  SCV  
  23  2:13  Factory  
  23  2:17  SCV  
  23  2:25  Barracks Reactor  
  23  2:29  SCV  
  24  2:41  SCV  
  25  2:50  Command Center  
  25  2:53  SCV  
  25  2:55  Orbital Command  
  26  3:03  Starport  
  26  3:05  SCV  
  27  3:12  Refinery  
  27  3:17  SCV  
  28  3:20  Hellion  
  28  3:21  Hellion  
  28  3:24  SCV  
  28  3:26  Barracks Tech Lab  
  33  3:29  SCV  
  34  3:36  SCV  
  35  3:41  SCV  
  35  3:42  Hellion x2  
  35  3:48  Marine  
  41  3:53  Liberator  
  41  3:54  SCV x2  
  46  4:03  Hellion  
  46  4:04  Hellion  
  46  4:06  SCV x2  
  46  4:08  Orbital Command  
  52  4:13  Marine  
  52  4:14  Stimpack  
  53  4:18  SCV x2  
  53  4:21  Supply Depot  
  55  4:30  SCV x2  
  57  4:36  Barracks  
  57  4:37  Barracks  
  52  4:39  Factory Reactor  
  52  4:42  SCV  
  53  4:50  Starport Reactor  
  53  4:53  SCV x2  
  53  4:54  SCV  
  53  4:58  Supply Depot x2  
  56  5:05  SCV  
  56  5:07  Orbital Command, SCV  
  59  5:08  Refinery  
  59  5:10  Refinery  
  58  5:17  SCV  
  52  5:22  SCV  
  52  5:23  Hellion x2  
  52  5:24  Marine x4  
  55  5:29  SCV  
  55  5:34  SCV  
  40  5:41  SCV  
  40  5:42  Marine x3  
  41  5:44  SCV  
  41  5:46  SCV  
  44  5:50  Hellion  
  43  5:58  Hellion  
  43  6:03  Combat Shield  
  45  6:05  SCV x3  
  45  6:06  Barracks Reactor  
  48  6:15  Hellion, Medivac  
  48  6:17  SCV x2  
  48  6:18  SCV  
  55  6:19  Medivac  
  57  6:29  SCV  
  57  6:30  SCV  
  57  6:31  SCV  
  60  6:34  Engineering Bay  
  60  6:35  Engineering Bay  
  60  6:42  SCV x2  
  60  6:46  Supply Depot  
  62  6:47  Supply Depot  
  62  6:53  Barracks  
  62  6:55  Barracks  
  62  6:56  SCV x2  
  62  7:00  Factory Reactor  
  64  7:03  Marine x2  
  64  7:04  SCV  
  64  7:07  Terran Infantry Weapons Level 1  
  64  7:08  SCV x2  
  69  7:16  SCV  
  69  7:20  SCV x2, Terran Infantry Armor Level 1  
  69  7:21  Marine x2  
  74  7:22  Refinery  
  74  7:24  Refinery  
  74  7:26  Marine  
  74  7:27  Bunker  
  74  7:28  SCV  
  76  7:32  SCV x2  
  78  7:39  Supply Depot  
  78  7:40  SCV  
  78  7:41  Supply Depot  
  79  7:44  SCV  
  79  7:46  SCV  
  79  7:48  Concussive Shells  
  79  7:50  Armory  
  78  7:52  Marine, Widow Mine, Barracks Reactor  
  78  7:53  SCV  
  78  7:56  SCV  
  78  7:58  SCV  
  84  8:05  Supply Depot  
  84  8:06  Supply Depot x2  
  84  8:09  Supply Depot, Marine x3  
  84  8:10  Marine x3  
  84  8:12  SCV  
  91  8:13  SCV  
  91  8:14  SCV  
  93  8:22  Widow Mine  
  93  8:23  Medivac  
  93  8:24  SCV  
  93  8:25  SCV  
  93  8:26  SCV  
  100  8:30  Marine x3  
  103  8:37  SCV x2  
  103  8:38  SCV  
  103  8:41  Terran Vehicle And Ship Armor Level 1  
  106  8:44  Marine, Widow Mine x2, Command Center  
  106  8:45  Marine  
  112  8:49  SCV  
  112  8:51  SCV x2  
  112  8:52  Marine  
  112  8:53  Marine x2  
  118  9:01  SCV  
  118  9:02  Marine x2  
  120  9:03  SCV x2  
  120  9:04  Marine, Medivac x2  
  120  9:05  Marauder, Marine  
  120  9:06  Widow Mine x2  
  135  9:19  Supply Depot  
  135  9:20  Supply Depot x2, Marine x6  
  135  9:22  Marine  
  135  9:23  Supply Depot  
  142  9:26  Factory  
  142  9:28  Marine  
  142  9:29  Barracks, SCV x2  
  145  9:41  Barracks  
  145  9:42  Barracks  
  145  9:56  Marine x3  
  145  9:57  Marauder, Marine x2, Medivac  
  145  9:58  Widow Mine x2  
  158  10:00  SCV x3  
  161  10:16  Refinery  
  161  10:20  Missile Turret  
  161  10:21  Marauder  
  163  10:22  Factory Tech Lab, Command Center, Refinery  
  163  10:25  Planetary Fortress  
  163  10:32  Barracks Tech Lab  
  163  10:33  Barracks Tech Lab x2  
  163  10:42  Marauder  
  143  10:53  Marine x3  
Tags
 
Add a new tag
Caveats
  • Supply blocks, unpowered buildings, or Contaminate may cause inaccurate times.
  • Supply counts are checked every 10 seconds.